 Dungeon Crawl Stone Soup version 0.20.1-1-g8b1a95d (webtiles) character file.

4353 asishallab the Cleaver (level 10, -2/70 HPs)
             Began as a Formicid Fighter on Dec 8, 2017.
             Was a Follower of Cheibriados.
             Slain by Lanoc's ghost (15 damage)
             ... on level 9 of the Dungeon on Dec 9, 2017.
             The game lasted 00:31:46 (9145 turns).

asishallab the Cleaver (Formicid Fighter)           Turns: 9145, Time: 00:31:47

Health: -2/70      AC: 11    Str: 24    XL:     10   Next: 60%
Magic:  0/15       EV: 11    Int: 13    God:    Cheibriados [*.....]
Gold:   420        SH: 11    Dex: 21    Spells: 9/9 levels left

rFire    . . .     SeeInvis +   I - +1 war axe (chop)
rCold    . . .     Gourm    .   c - +1 shield
rNeg     . . .     Faith    .   J - +0 chain mail
rPois    .         Spirit   +   (helmet unavailable)
rElec    .         Reflect  .   j - +0 cloak
rCorr    +         Harm     .   r - +0 pair of gloves
MR       +....                  (no boots)
Stlth    ..........             v - amulet of guardian spirit
Regen    0.7/turn               O - ring of resist corrosion (curse)
MPRegen  0.2/turn               (no ring)

@: agile, very slow
A: permanent stasis, dig shafts and tunnels, four strong arms, antennae 3,
clever 1, regeneration 1
a: Dig, Shaft Self, Bend Time, Renounce Religion


You were on level 9 of the Dungeon.
You worshipped Cheibriados.
Cheibriados was aware of your devotion.
You were not hungry.

You visited 2 branches of the dungeon, and saw 10 of its levels.
You also visited: Sewer.

You collected 420 gold pieces.

Inventory:

Hand Weapons
 a - a +1 war axe
 l - a +2 mace of protection
 x - a +0 flail
 I - a +1 war axe of chopping (weapon)
Missiles
 d - 3 tomahawks (quivered)
 k - 88 stones
Armour
 c - a +1 shield (worn)
 j - a +0 cloak (worn)
 r - a +0 pair of gloves (worn)
 J - a +0 chain mail (worn)
Jewellery
 v - an amulet of guardian spirit (around neck)
 O - a cursed ring of resist corrosion (left hand)
Wands
 g - a wand of lightning (5/15)
 G - a wand of flame (20/48)
 K - a wand of scattershot (6/9)
 L - a wand of enslavement (10/24)
 M - a wand of iceblast (6/15)
Scrolls
 i - a scroll of fog
 m - 2 scrolls of magic mapping
 n - 4 scrolls of remove curse
 o - 3 scrolls of fear
 w - 3 scrolls of recharging
 y - a scroll of noise
 B - 2 scrolls of enchant weapon
 C - a scroll of identify
 F - 3 scrolls of amnesia
Potions
 b - a potion of resistance
 e - 6 potions of curing
 s - a potion of heal wounds
 u - 3 potions of flight
 D - a potion of mutation
 E - a potion of magic
Books
 t - a book of Maledictions

   Spells                             Type                      Level
   a - Corona                         Hexes                        1
   b - Ensorcelled Hibernation        Hexes/Ice                    2
   c - Confuse                        Hexes                        3
   d - Tukima's Dance                 Hexes                        3
   e - Dazzling Spray                 Conjuration/Hexes            3
Comestibles
 f - 2 bread rations
 h - 3 royal jellies
 p - 4 meat rations
 z - 7 fruits
 N - a chunk of flesh


   Skills:
 - Level 3.2 Fighting
 + Level 13.1 Axes
 - Level 3.2 Armour
 - Level 3.6 Shields
 + Level 7.2 Invocations


You had 9 spell levels left.
You didn't know any spells.

Dungeon Overview and Level Annotations

Branches:
Dungeon (9/15)             Temple (1/1) D:7
   Lair: D:8-11         Orc: D:9-12

Altars:
Ashenzari
Cheibriados
Dithmenos
Elyvilon
Fedhas
Gozag
Hepliaklqana
Kikubaaqudgha
Makhleb
Nemelex Xobeh
Okawaru
Qazlal
Ru
Sif Muna
Trog
Uskayaw
Xom
Yredelemnul
Zin
The Shining One

Annotations:
D:9 Lanoc's ghost, novice MiFi


Innate Abilities, Weirdness & Mutations

You cannot be hasted, slowed, berserked, paralysed or teleported.
You can dig through walls and to a lower floor.
Your four strong arms can wield two-handed weapons with a shield.
You have a pair of large antennae on your head. (SInv)
Your mind is acute. (Int +2)
Your natural rate of healing is unusually fast.


Message History

Lanoc's ghost hits you.
* * * LOW HITPOINT WARNING * * *
You hit Lanoc's ghost.
Lanoc's ghost is severely damaged.
Lanoc's ghost completely misses you.
You barely miss Lanoc's ghost.
Lanoc's ghost is severely damaged.
You hit Lanoc's ghost.
Lanoc's ghost is severely damaged.
Lanoc's ghost barely misses you.
You miss Lanoc's ghost.
Lanoc's ghost is severely damaged.
Lanoc's ghost is no longer moving slowly.
Lanoc's ghost barely misses you.
Your shield and chain mail prevent you from hitting Lanoc's ghost.
Lanoc's ghost is severely damaged.
You closely miss Lanoc's ghost.
Lanoc's ghost is severely damaged.
Lanoc's ghost hits you!
You die...

#.# #.# #.# #.# #.#
#.# #+## ##'######
.....
#.......#####......
#.......'..@W......
#.......#####....?.
#.......# .....
#.......# ....
#.......# ...
#.......# ..
######### .


You could see Lanoc's ghost.

Vanquished Creatures
  A two-headed ogre (D:8)
  Maurice (D:8)
  The ghost of digijack the Insei, a novice OpTm of Vehumet (D:5)
  A hippogriff (D:8)
  Sigmund (D:3)
  2 sky beasts
  An ice beast (D:8)
  A hornet zombie (D:8)
  An orc warrior (D:7)
  3 phantoms
  A necrophage (D:5)
  A centaur (D:7)
  An ogre (D:6)
  2 big kobolds
  4 bullfrogs
  A wyvern skeleton (D:9)
  A scorpion (D:4)
  3 wights (D:6)
  3 crimson imps
  2 howler monkeys (D:4)
  Crazy Yiuf (D:2)
  4 hounds
  2 orc priests
  2 jellies
  2 centaur skeletons
  An iguana (D:5)
  Jessica (D:2)
  Natasha (twice) (D:3)
  3 orc wizards
  7 worker ants
  A howler monkey skeleton (D:5)
  8 gnolls
  4 adders
  3 river rats
  A shadow imp (D:7)
  3 oozes
  3 adder skeletons
  4 worms
  A dart slug (D:1)
  6 leopard geckos
  31 orcs
  8 bats
  9 giant cockroaches
  9 goblins
  6 hobgoblins
  25 jackals
  16 kobolds
  6 quokkas
  2 ball pythons
  10 frilled lizards
  A leopard gecko zombie (D:5)
  11 rats
225 creatures vanquished.

Notes
Turn   | Place    | Note
-------+----------+-------------------------------------------
     0 | D:1      | asishallab the Formicid Fighter began the quest for the Orb.
     0 | D:1      | Reached XP level 1. HP: 18/18 MP: 1/1
   335 | D:1      | Reached XP level 2. HP: 22/24 MP: 2/2
   443 | D:1      | Reached skill level 3 in Axes
   651 | D:1      | Reached XP level 3. HP: 27/29 MP: 3/3
  1081 | D:2      | Noticed Jessica
  1091 | D:2      | Killed Jessica
  1091 | D:2      | Reached skill level 4 in Axes
  1091 | D:2      | Reached XP level 4. HP: 30/35 MP: 4/4
  1476 | D:2      | Found a hazy altar of Hepliaklqana.
  1476 | D:2      | Found a sparkling altar of Nemelex Xobeh.
  1476 | D:2      | Found a burning altar of Makhleb.
  1567 | D:2      | Reached XP level 5. HP: 37/41 MP: 5/5
  1845 | D:2      | Found a runed door.
  1849 | D:2      | Noticed Crazy Yiuf
  1857 | D:2      | Killed Crazy Yiuf
  1857 | D:2      | Reached skill level 5 in Axes
  2387 | D:3      | Noticed Sigmund
  2405 | D:3      | Killed Sigmund
  2405 | D:3      | Reached skill level 6 in Axes
  2405 | D:3      | Reached XP level 6. HP: 37/47 MP: 6/6
  2602 | D:3      | Found a shadowy altar of Dithmenos.
  2607 | D:3      | Noticed Natasha
  2618 | D:3      | Killed Natasha
  2618 | D:3      | Reached skill level 7 in Axes
  2618 | D:3      | Reached XP level 7. HP: 30/52 MP: 7/7
  2718 | D:3      | Found a glowing drain.
  2749 | Sewer    | Entered a sewer
  3104 | Sewer    | Found a white marble altar of Elyvilon.
  3349 | D:3      | Noticed Natasha
  3355 | D:3      | Killed Natasha
  3558 | D:4      | Reached skill level 8 in Axes
  3710 | D:4      | Reached XP level 8. HP: 46/58 MP: 8/8
  4201 | D:4      | Reached skill level 9 in Axes
  4532 | D:4      | Found an iron altar of Okawaru.
  4535 | D:4      | Found a sacrificial altar of Ru.
  4538 | D:4      | Found a stormy altar of Qazlal.
  4642 | D:5      | Entered Level 5 of the Dungeon
  5356 | D:5      | Reached skill level 10 in Axes
  5681 | D:5      | Noticed digijack's ghost (novice OpTm)
  5700 | D:5      | Killed digijack's ghost
  5700 | D:5      | Reached XP level 9. HP: 41/64 MP: 6/9
  6019 | D:5      | Reached skill level 11 in Axes
  7213 | D:7      | Found a staircase to the Ecumenical Temple.
  7220 | Temple   | Entered the Ecumenical Temple
  7264 | Temple   | Became a worshipper of Cheibriados the Contemplative
  7310 | D:7      | Reached skill level 1 in Invocations
  7311 | D:7      | Reached skill level 12 in Axes
  7560 | D:7      | Reached * piety under Cheibriados
  7973 | D:8      | Noticed a hippogriff
  7986 | D:8      | Killed a hippogriff
  7986 | D:8      | Reached XP level 10. HP: 62/70 MP: 8/13
  8150 | D:8      | Noticed Maurice
  8164 | D:8      | Killed Maurice
  8164 | D:8      | Reached skill level 5 in Invocations
  8293 | D:8      | Noticed a two-headed ogre
  8304 | D:8      | Killed a two-headed ogre
  8304 | D:8      | Reached skill level 13 in Axes
  9062 | D:9      | Gained mutation: Your natural rate of healing is unusually fast. [potion of mutation]
  9062 | D:9      | Gained mutation: Your muscles are strong. (Str +2) [potion of mutation]
  9062 | D:9      | Lost mutation: Your muscles are strong. (Str +2) [potion of mutation]
  9062 | D:9      | Gained mutation: Your mind is acute. (Int +2) [potion of mutation]
  9092 | D:9      | Noticed Lanoc's ghost (novice MiFi)
  9145 | D:9      | Slain by Lanoc's ghost

Skill      XL: |  1  2  3  4  5  6  7  8  9 10 |
---------------+-------------------------------+-----
Axes           | 3 4 6 7 8 10 12 13 | 13.1
Invocations    | 4 7 |  7.2
Fighting       | |  3.2
Armour         | |  3.2
Shields        | |  3.6

Action                   |  1- 3 |  4- 6 |  7- 9 | 10-12 || total
-------------------------+-------+-------+-------+-------++-------
Melee: War axe           |    84 |    66 |   129 |   126 ||   405
       Mace              |       |    96 |   424 |       ||   520
Throw: Stone             |       |     4 |     9 |       ||    13
       Tomahawk          |       |       |     8 |       ||     8
Invok: Bend Time         |       |       |       |     2 ||     2
 Abil: Dig               |     3 |       |     1 |       ||     4
  Use: Scroll            |       |     5 |     6 |     5 ||    16
       Potion            |       |     4 |     6 |     3 ||    13
  Eat: Chunk             |     1 |     6 |    17 |     2 ||    26
Armor: Scale mail        |    38 |    79 |   195 |       ||   312
       Chain mail        |       |       |    42 |    37 ||    79
Dodge: Dodged            |    16 |    62 |   129 |    16 ||   223
Block: Shield            |    41 |    97 |   308 |    41 ||   487
